 Dungeon Crawl Stone Soup version 0.23-a0-481-g60b89c1 (webtiles) character file.

95 XanderDroid the Fighter (level 4, -1/45 HPs)
             Began as a Gnoll Wanderer on Nov 29, 2018.
             Killed by nerve-wracking pain
             ... invoked by a shadow imp
             ... summoned by Natasha
              (9 damage)
             ... on level 2 of the Dungeon.
             The game lasted 00:05:00 (1494 turns).

XanderDroid the Fighter (Gnoll Wanderer)            Turns: 1494, Time: 00:05:01

Health: -1/45      AC:  3    Str: 14    XL:     4   Next: 65%
Magic:  5/5        EV: 11    Int: 15    God:
Gold:   64         SH:  4    Dex: 15    Spells: 5/5 levels left

rFire    . . .     SeeInvis .   a - +0 short sword
rCold    . . .     Gourm    .   t - +0 buckler
rNeg     . . .     Faith    .   e - +0 robe
rPois    .         Spirit   .   l - +1 hat
rElec    .         Reflect  .   (no cloak)
rCorr    .         Harm     .   (no gloves)
MR       .....                  (no boots)
Stlth    +++.......             h - amulet of regeneration
HPRegen  0.55/turn              (no ring)
MPRegen  0.09/turn              (no ring)

@: slowed, very slow
A: distributed training, fangs 1, strong nose
a: no special abilities


You were on level 2 of the Dungeon.
You were not hungry.

You visited 1 branch of the dungeon, and saw 2 of its levels.

You collected 64 gold pieces.

Inventory:

Hand Weapons
 a - a +0 short sword (weapon)
Armour
 e - a +0 robe (worn)
 l - a +1 hat (worn)
 t - a +0 buckler (worn)
Jewellery
 h - an amulet of regeneration (around neck)
Scrolls
 f - a scroll of amnesia {unknown}
 i - 2 scrolls of remove curse {unknown}
 j - a scroll of identify {unknown}
 k - 2 scrolls of teleportation {unknown}
 o - a scroll of enchant armour {unknown}
 r - a scroll of fog {unknown}
 s - a scroll of enchant weapon {unknown}
Potions
 b - a potion of haste
 c - 3 potions of curing
 d - a potion of lignification
 m - a potion of degeneration {unknown}
 n - a potion of might {unknown}
 p - a potion of flight {unknown}
 q - a potion of resistance {unknown}
Comestibles
 g - a ration
 u - 2 chunks of flesh


   Skills:
 + Level 8.6 Fighting
 + Level 1.2 Short Blades
 + Level 1.2 Long Blades
 + Level 1.2 Axes
 + Level 1.2 Maces & Flails
 + Level 1.2 Polearms
 + Level 1.2 Staves
 + Level 1.2 Slings
 + Level 1.2 Bows
 + Level 1.2 Crossbows
 + Level 2.8 Throwing
 + Level 1.2 Armour
 + Level 1.2 Dodging
 + Level 6.0 Stealth
 + Level 1.2 Shields
 + Level 4.6 Unarmed Combat
 + Level 1.2 Spellcasting
 + Level 1.0 Conjurations
 + Level 1.0 Hexes
 + Level 1.0 Charms
 + Level 1.0 Summonings
 + Level 1.0 Necromancy
 + Level 1.0 Translocations
 + Level 1.0 Transmutations
 + Level 1.0 Fire Magic
 + Level 1.0 Ice Magic
 + Level 1.0 Air Magic
 + Level 1.0 Earth Magic
 + Level 1.0 Poison Magic
 + Level 1.3 Invocations
 + Level 1.2 Evocations


You had 5 spell levels left.
You didn't know any spells.
Your spell library was empty.

Dungeon Overview and Level Annotations

Branches:
Dungeon (2/15)

Altars:

Annotations:
D:2 Natasha


Innate Abilities, Weirdness & Mutations

Your experience applies equally to all skills.
You have very sharp teeth.
Your uncanny sense of smell can sniff out nearby items.


Message History

The white imp barely misses you. Natasha claws you.
The white imp gestures at you. The puff of frost misses you.
You hit Natasha but do no damage.
Natasha is lightly wounded.
Natasha claws you. The white imp hits you. The white imp freezes you.
Natasha mumbles some strange words.
You hit Natasha.
Natasha is moderately wounded.
The white imp barely misses you. Natasha barely misses you.
The white imp hits you. The white imp freezes you.
You hit Natasha.
Natasha is severely wounded.
Natasha claws you! The shadow imp barely misses you.
The white imp gestures at you. The puff of frost misses you. Natasha claws you!
* * * LOW HITPOINT WARNING * * *
The shadow imp gestures at you. Pain shoots through your body!
You die...

############# #####
#...........# ....#
#...........#
....######..%........##
.........'......5h...>#
....######....<.@5...#
....# ##.....†...?.#
....# #......#+#####
....# #÷##.....# ....#
#.##....##
....#####.##....#####
..........##........#
############........#
##..................#


You could see Natasha, a white imp and a shadow imp.

Vanquished Creatures
  Jessica (D:2)
  3 adders (D:2)
  A worm (D:2)
  A dart slug (D:1)
  A leopard gecko (D:1)
  A ball python (D:1)
  A giant cockroach (D:2)
  2 goblins (D:2)
  7 hobgoblins
  6 kobolds
  2 bats
  5 frilled lizards
  8 rats
39 creatures vanquished.

Notes
Turn   | Place    | Note
-------+----------+-------------------------------------------
     0 | D:1      | XanderDroid the Gnoll Wanderer began the quest for the Orb.
     0 | D:1      | XanderDroid set off with the following items: a potion of
                  | berserk rage, a potion of haste, a potion of curing, a
                  | potion of lignification, a +0 robe, a +0 dagger, a ration
     0 | D:1      | Reached XP level 1. HP: 26/26 MP: 1/1
   117 | D:1      | Reached XP level 2. HP: 32/33 MP: 2/2
   769 | D:2      | Reached XP level 3. HP: 38/38 MP: 3/3
   913 | D:2      | Reached skill level 1 in Invocations
  1102 | D:2      | Noticed Jessica
  1117 | D:2      | Reached skill level 1 in Short Blades
  1117 | D:2      | Reached skill level 1 in Long Blades
  1117 | D:2      | Reached skill level 1 in Axes
  1117 | D:2      | Reached skill level 1 in Maces & Flails
  1117 | D:2      | Reached skill level 1 in Polearms
  1117 | D:2      | Reached skill level 1 in Staves
  1117 | D:2      | Reached skill level 1 in Slings
  1117 | D:2      | Reached skill level 1 in Bows
  1117 | D:2      | Reached skill level 1 in Crossbows
  1117 | D:2      | Reached skill level 1 in Armour
  1117 | D:2      | Reached skill level 1 in Dodging
  1117 | D:2      | Reached skill level 1 in Shields
  1117 | D:2      | Reached skill level 1 in Spellcasting
  1117 | D:2      | Reached skill level 1 in Evocations
  1126 | D:2      | Killed Jessica
  1126 | D:2      | Reached XP level 4. HP: 45/45 MP: 5/5
  1210 | D:2      | Noticed Natasha
  1427 | D:2      | Reached skill level 1 in Conjurations
  1427 | D:2      | Reached skill level 1 in Hexes
  1427 | D:2      | Reached skill level 1 in Charms
  1427 | D:2      | Reached skill level 1 in Summonings
  1427 | D:2      | Reached skill level 1 in Necromancy
  1427 | D:2      | Reached skill level 1 in Translocations
  1427 | D:2      | Reached skill level 1 in Transmutations
  1427 | D:2      | Reached skill level 1 in Fire Magic
  1427 | D:2      | Reached skill level 1 in Ice Magic
  1427 | D:2      | Reached skill level 1 in Air Magic
  1427 | D:2      | Reached skill level 1 in Earth Magic
  1427 | D:2      | Reached skill level 1 in Poison Magic
  1494 | D:2      | Killed from afar by a shadow imp

Vault maps used:
D:1:      nzn_arrival_crosshair, palyth_stone_intersect, serial_bayou_pond_d,
          corexii_leaking_fountain, hangedman_abyss_or_decor_lesser_grid
D:2:      first_ration, uniq_natasha, uniq_jessica

Skill      XL: |  1  2  3  4 |
---------------+-------------+-----
Stealth        | 6 |  6.0
Invocations    | 1 |  1.3
Short Blades   | 1 |  1.2
Long Blades    | 1 |  1.2
Axes           | 1 |  1.2
Maces & Flails | 1 |  1.2
Polearms       | 1 |  1.2
Staves         | 1 |  1.2
Slings         | 1 |  1.2
Bows           | 1 |  1.2
Crossbows      | 1 |  1.2
Armour         | 1 |  1.2
Dodging        | 1 |  1.2
Shields        | 1 |  1.2
Spellcasting   | 1 |  1.2
Evocations     | 1 |  1.2
Conjurations   | 1 |  1.0
Hexes          | 1 |  1.0
Charms         | 1 |  1.0
Summonings     | 1 |  1.0
Necromancy     | 1 |  1.0
Translocations | 1 |  1.0
Transmutations | 1 |  1.0
Fire Magic     | 1 |  1.0
Ice Magic      | 1 |  1.0
Air Magic      | 1 |  1.0
Earth Magic    | 1 |  1.0
Poison Magic   | 1 |  1.0
Fighting       | |  8.6
Throwing       | |  2.8
Unarmed Combat | |  4.6

Action                   |  1- 3 |  4- 6 || total
-------------------------+-------+-------++-------
Melee: Dagger            |    99 |    24 ||   123
       Bite              |     9 |     5 ||    14
       Punch             |     2 |       ||     2
       Short sword       |       |    18 ||    18
 Stab: Sleeping          |     8 |       ||     8
  Eat: Chunk             |     1 |     1 ||     2
Armor: Robe              |    14 |     6 ||    20
Dodge: Dodged            |    52 |    32 ||    84
Block: Buckler           |       |     8 ||     8

Table legend:
 A = Non-vault XP
 B = Vault XP
 C = Vault XP percentage of total XP
 D = Non-vault monster count
 E = Vault monster count
 F = Vault count percentage of total count
                 A         B        C        D         E       F
            +---------+---------+-------+---------+---------+-------
      Total |      99 |      37 |  27.2 |      38 |       1 |   2.6
            +---------+---------+-------+---------+---------+-------
        D:1 |      30 |       0 |   0.0 |      17 |       0 |   0.0
        D:2 |      69 |      37 |  34.9 |      21 |       1 |   4.5
            +---------+---------+-------+---------+---------+-------
